 Dungeon Crawl Stone Soup version 0.23.1 (webtiles) character file.

Game seed: 15444947054032409241

56 Borgoz the Skirmisher (level 3, 0/34 HPs)
             Began as a Hill Orc Abyssal Knight on Mar 2, 2019.
             Was a Believer of Lugonu.
             Slain by a leopard gecko (2 damage)
             ... on level 2 of the Dungeon.
             The game lasted 00:02:32 (1038 turns).

Borgoz the Skirmisher (Hill Orc Abyssal Knight)     Turns: 1038, Time: 00:02:33

Health: 0/34       AC:  3    Str: 11 (14) XL:     3   Next: 95%
Magic:  5/5        EV: 16    Int: 11 (14) God:    Lugonu [**....]
Gold:   100        SH:  0    Dex: 13 (16) Spells: 2/2 levels left

rFire    . . .     SeeInvis .   a - +1 hand axe
rCold    . . .     Gourm    .   (no shield)
rNeg     . . .     Faith    .   b - +0 leather armour
rPois    .         Spirit   .   (no helmet)
rElec    .         Reflect  .   (no cloak)
rCorr    +         Harm     .   (no gloves)
MR       .....                  (no boots)
Stlth    ++........             (no amulet)
HPRegen  0.11/turn              g - +2 ring of intelligence
MPRegen  0.09/turn              n - ring of resist corrosion

@: agile, lightly drained
A: no striking features
a: Depart the Abyss, Bend Space, Renounce Religion


You were on level 2 of the Dungeon.
You worshipped Lugonu.
Lugonu was pleased with you.
You were not hungry.

You visited 1 branch of the dungeon, and saw 2 of its levels.
You visited the Abyss 1 time.

You collected 100 gold pieces.

Inventory:

Hand Weapons
 a - a +1 hand axe (weapon)
Missiles
 i - 6 poisoned needles
Armour
 b - a +0 leather armour (worn)
Jewellery
 g - a +2 ring of intelligence (left hand)
 n - a ring of resist corrosion (right hand)
Scrolls
 d - 2 scrolls of identify {unknown}
 e - a scroll of fog {unknown}
 f - a scroll of enchant weapon {unknown}
 j - a scroll of random uselessness {unknown}
Potions
 k - a potion of degeneration
Comestibles
 c - 3 rations
 l - a chunk of flesh


   Skills:
 * Level 4.4(4.3) Fighting
 * Level 3.6(3.5) Axes
 + Level 2.5 Armour
 + Level 1.1(1.0) Dodging
 + Level 3.1(3.0) Invocations


You had 2 spell levels left.
You didn't know any spells.
Your spell library was empty.

Dungeon Overview and Level Annotations

Branches:
Dungeon (2/15)

Altars:

Annotations:
D:2 Sigmund


Message History

* * * LOW HITPOINT WARNING * * *
You hit something. You barely miss the leopard gecko.
The leopard gecko barely misses you. The leopard gecko closely misses you.
You hear some strange, mumbled words.
Something tries to affect you, but you resist.
You miss something. You barely miss the leopard gecko.
You feel less invigorated.
You feel less confused. The leopard gecko barely misses you.
You hear some strange, mumbled words.
Something tries to affect you, but you resist.
You barely miss something. You miss the leopard gecko.
The leopard gecko bites you.
* * * LOW HITPOINT WARNING * * *
Something hits you!
* * * LOW HITPOINT WARNING * * *
It was a potion of agility.
You feel agile all of a sudden. The leopard gecko bites you.
You die...

.. ##.## .# #...# #.#
#...# ####.#### #...#
#.......# #...# #.##.##.#
#...# #.
#.##.##.#######...####...
#.##.##.#......{@........
.÷..............l........
#<...>..#................
#..#.##.#####......####..
#..#.##.# #.#....#
#..#†.#.# #......#
#..##.#.# #.#....# ....
...# .......# .#.. ...#
#..?<....


You could see a leopard gecko.

Vanquished Creatures
  An adder (D:2)
  2 dart slugs (D:1)
  7 bats (D:1)
  2 giant cockroaches (D:1)
  4 hobgoblins
  3 jackals (D:1)
  A ball python (D:2)
  4 frilled lizards
  8 goblins
  4 kobolds
  7 rats
43 creatures vanquished.

Notes
Turn   | Place    | Note
-------+----------+-------------------------------------------
     0 | Abyss:1  | Borgoz the Hill Orc Abyssal Knight began the quest for the
                  | Orb.
     0 | Abyss:1  | Reached XP level 1. HP: 19/19 MP: 2/2
    43 | Abyss:1  | Noticed a raiju
    44 | D:1      | Escaped the Abyss
    96 | D:1      | Reached * piety under Lugonu
   126 | D:1      | Reached XP level 2. HP: 16/27 MP: 3/3
   129 | D:1      | Reached skill level 1 in Dodging
   220 | D:1      | Reached skill level 4 in Fighting
   358 | D:1      | Reached XP level 3. HP: 32/33 MP: 5/5
   926 | D:2      | Reached ** piety under Lugonu
  1010 | D:2      | Noticed Sigmund
  1038 | D:2      | Slain by a leopard gecko

Skill      XL: |  1  2  3 |
---------------+----------+-----
Dodging        | 1 |  1.1
Axes           | 3 |  3.6
Fighting       | 4 |  4.4
Invocations    | 3 |  3.1
Armour         | |  2.5

Action                   || total
-------------------------++-------
Melee: Hand axe          ||   132
Invok: Depart the Abyss  ||     1
  Use: Potion            ||     4
  Eat: Chunk             ||     1
Armor: Leather armour    ||    49
Dodge: Dodged            ||   107
